AoeStats
← alex

Hideout

509653903Analyzed
1v1 RM · 6d ago on Sep 27, 2026· 22m 54s· 2 players
Game mode
Random Map
Map size
Tiny (2 player)
Population
200
Speed
Normal
Resources
Standard
Victory
Conquest
Starting age
Dark Age
Ending age
Imperial Age
RankedLock teamsTeams togetherTeam positionsShared explorationLock speedFull tech treeHidden civsTurbo modeCheats
Victory
Defeat
🇬🇧 Inca · United Kingdom
1344
+15
🇷🇺 Armenians · Russia
1312
-15
alex
5:07 Loom
11:03 Feudal Age
15:12 Castle Age
13:28 Double-Bit Axe
16:01 Horse Collar
16:15 Gold Mining
22:45 Wheelbarrow
Hemingway
6:31 Loom
9:57 Feudal Age
8:14 Loom
9:48 Loom
14:49 Castle Age
14:04 Scale Mail Armor
15:20 Double-Bit Axe
16:08 Chain Mail Armor
18:22 Town Watch
19:38 Forging
22:39 Fletching
Connection lost

Rejoining the realm…

Still unreachable

The connection could not be restored.

Session expired

The server has moved on; the page needs a fresh start.